 Dungeon Sprint DCSS version 0.20.1-1-g8b1a95d (webtiles) character file.

144 NeonDemon the Grappler (level 5, -3/49 (50) HPs)
             Began as a Ghoul Gladiator on Sept 16, 2017.
             Was an Initiate of Kikubaaqudgha.
             Slain by a hell rat (8 damage)
             ... summoned by a deep elf mage
             ... in the Dungeon (Sprint III: "The Ten Rune Challenge").
             The game lasted 00:05:22 (500 turns).

NeonDemon the Grappler (Ghoul Gladiator)             Turns: 500, Time: 00:05:23

HP:   -3/49 (50)    AC:  4    Str: 18    XL:     5   Next: 27%
MP:   4/4           EV: 12    Int:  3    God:    Kikubaaqudgha [......]
Gold: 24            SH:  7    Dex: 11    Spells: 4/4 levels left

rFire    . . .     SeeInvis .     - Unarmed
rCold    + . .     Gourm    .   i - +2 buckler
rNeg     + + +     Faith    .   a - +0 leather armour
rPois    ∞         Spirit   .   b - +0 helmet
rElec    .         Reflect  .   (no cloak)
rCorr    .         Harm     .   (no gloves)
MR       .....     NoTele   +   (no boots)
Stlth    +.........             (no amulet)
Regen    0.0/turn               (no ring)
MPRegen  0.1/turn               (no ring)

@: very slightly contaminated, rotting, hasted, very quick
A: rotting body, claws 1, carnivore 3, cold resistance 1, negative energy
resistance 3, inhibited regeneration, torment resistance, unbreathing
a: Renounce Religion


You were in the Dungeon.
You worshipped Kikubaaqudgha.
Kikubaaqudgha was noncommittal.
You were not hungry.

You visited 1 branch You collected 24 gold pieces.

Inventory:

Armour
 a - a +0 leather armour (worn)
 b - a +0 helmet (worn)
 i - a +2 buckler (worn)
Scrolls
 l - 5 scrolls of remove curse
 m - a scroll of immolation {!r}
 n - 2 scrolls of identify
 q - a scroll of holy word {!r}
Potions
 h - 2 potions of magic
 p - 3 potions of flight
Books
 f - a book of Cantrips
Comestibles
 d - a meat ration
 o - 2 royal jellies


   Skills:
 + Level 5.7 Fighting
 - Level 1.7 Throwing
 - Level 2.6 Dodging
 - Level 4.6 Shields
 * Level 8.4 Unarmed Combat


You had 4 spell levels left.
You didn't know any spells.

Dungeon Overview and Level Annotations

Branches:
Dungeon (1/1)

Altars:
Elyvilon
Kikubaaqudgha
Sif Muna
Vehumet
Zin
The Shining One


Innate Abilities, Weirdness & Mutations

Your body is rotting away.
You thrive on raw meat.
You are immune to poison.
You have sharp fingernails.
You are carnivorous and can eat meat at any time.
Your flesh is cold resistant. (rC+)
You are immune to negative energy. (rN+++)
You do not regenerate when monsters are visible.
You are immune to unholy pain and torment.
You can survive without breathing.


Message History

The redback bites you.
* * * LOW HITPOINT WARNING * * *
You claw the deep elf mage!
The deep elf mage is heavily wounded.
The redback closely misses you. The deep elf mage barely misses you.
You barely miss the deep elf mage.
The deep elf mage is heavily wounded.
You block the redback's attack.
You miss the deep elf mage.
The deep elf mage is heavily wounded.
You block the redback's attack.
The deep elf mage gestures wildly while chanting.
You mangle the deep elf mage!!
The deep elf mage is almost dead.
The redback closely misses you.
You barely miss the deep elf mage.
The deep elf mage is almost dead.
The hell rat bites you!
You die...
Kikubaaqudgha rasps: "You have failed me!
Welcome... oblivion!"

▓..#!.#....♣♣♣ ♣♣.#
▓#'####....♣.♣ ♣..#
▓.....#....≈.♣♣♣♣.#
▓.....#...≈≈♣♣....#
▓.....#..≈≈≈≈♣.♣..'
▓####'#..≈≈≈≈≈≈♣..#
▓.....#.≈≈≈≈≈≈....#
▓.....#.≈≈≈≈≈.....#
▓s@r..#.≈≈≈.......#
▓e#####...........#
▓r.s..............#
▓▓▓▓▓▓▓▓▓▓▓▓▓▓▓▓▓▓▓


You could see a deep elf mage, a redback and 2 hell rats.

Vanquished Creatures
  A water elemental
  A wizard
  A human
  A kobold demonologist
  A wolf
  2 oozes
  2 rats
9 creatures vanquished.

Vanquished Creatures (others)
  2 draconian scorchers
  A yaktaur
  6 hellions
  A plant
10 creatures vanquished.

Grand Total: 19 creatures vanquished

Notes
Turn   | Place    | Note
-------+----------+-------------------------------------------
     0 | D        | NeonDemon the Ghoul Gladiator began the quest for the Orb.
     0 | D        | Reached XP level 1. HP: 17/17 MP: 0/0
     8 | D        | Reached skill level 4 in Unarmed Combat
    13 | D        | Reached skill level 3 in Fighting
    13 | D        | Reached skill level 5 in Unarmed Combat
    13 | D        | Reached XP level 2. HP: 21/26 MP: 1/1
    37 | D        | Killed a yaktaur
    94 | D        | Killed a hellion
   121 | D        | Reached skill level 3 in Shields
   121 | D        | Reached XP level 3. HP: 31/31 MP: 2/2
   122 | D        | Killed a hellion
   148 | D        | Killed a hellion
   149 | D        | Killed a hellion
   149 | D        | Killed a hellion
   151 | D        | Reached skill level 4 in Shields
   160 | D        | Killed a hellion
   194 | D        | Killed a white draconian scorcher
   220 | D        | Killed a white draconian scorcher
   236 | D        | Noticed a water elemental
   248 | D        | HP: 3/31 [water elemental (12)]
   252 | D        | Killed a water elemental
   252 | D        | Reached skill level 5 in Fighting
   252 | D        | Reached skill level 7 in Unarmed Combat
   252 | D        | Reached XP level 4. HP: 35/42 MP: 3/3
   305 | D        | Found a radiant altar of Vehumet.
   305 | D        | Found a deep blue altar of Sif Muna.
   305 | D        | Found an ancient bone altar of Kikubaaqudgha.
   305 | D        | Noticed a wizard
   308 | D        | Noticed a hellwing
   308 | D        | Killed a wizard
   308 | D        | Reached skill level 8 in Unarmed Combat
   308 | D        | Reached XP level 5. HP: 48/48 MP: 4/4
   456 | D        | Became a worshipper of Kikubaaqudgha
   465 | D        | Found a glowing silver altar of Zin.
   465 | D        | Found a glowing golden altar of the Shining One.
   465 | D        | Found a white marble altar of Elyvilon.
   466 | D        | Noticed a deep elf mage
   467 | D        | Noticed a redback
   467 | D        | Noticed a redback
   485 | D        | HP: 3/49 [redback[a deep elf mage] (12)]
   495 | D        | HP: 5/49 [redback[a deep elf mage] (3)]
   500 | D        | Slain by a hell rat

Skill      XL: |  1  2  3  4 |
---------------+-------------+-----
Unarmed Combat | 5 7 8 |  8.4
Fighting       | 3 5 |  5.7
Shields        | 3 4 |  4.6
Throwing       | |  1.7
Dodging        | |  2.6

Action                   |  1- 3 |  4- 6 || total
-------------------------+-------+-------++-------
Melee: Unarmed           |    35 |    18 ||    53
Throw: Throwing net      |     1 |     4 ||     5
  Use: Scroll            |     2 |     1 ||     3
       Potion            |     1 |     2 ||     3
 Stab: Held in net/web   |       |     1 ||     1
  Eat: Chunk             |     5 |       ||     5
Armor: Leather armour    |     4 |       ||     4
Dodge: Dodged            |    16 |    12 ||    28
Block: Buckler           |     7 |     4 ||    11
